Map: Rohana LE

Players

GetaeWarrior

  • Race: Protoss Protoss
  • Spawn Location: 5:00

Phanto

  • Race: Zerg Zerg
  • Spawn Location: 3:00

Ekelpack - Winner!

  • Race: Zerg Zerg
  • Spawn Location: 11:00

Nyck - Winner!

  • Race: Terran Terran
  • Spawn Location: 9:00

VOD

Have the link to the VOD?

Description

Time

  • Played on: Dec. 18, 2024, 3:03 p.m.
  • Length: 16:18
Show
View Real Time Build Order
Export as new Build Order

GetaeWarrior Protoss 

Build Orders: 1 Gate Expand 

Get SALT Encoding   

  12  0:00  Probe  
  13  0:13  Probe  
  14  0:19  Pylon  
  14  0:25  Probe  
  15  0:34  Probe  
  15  0:38  Gateway  
  15  0:42  Probe  
  16  0:44  Assimilator  
  17  0:52  Probe  
  18  1:04  Probe  
  19  1:16  Probe  
  20  1:33  Nexus, Probe  
  21  1:46  Probe  
  22  1:50  Pylon  
  22  1:58  Probe  
  22  2:02  Cybernetics Core  
  22  2:11  Probe  
  23  2:19  Gateway  
  23  2:23  Probe  
  23  2:26  Gateway  
  23  2:27  Stalker  
  23  2:28  Warp Gate  
  24  2:35  Probe  
  24  3:11  Stalker x2  
  24  3:12  Stalker  
  24  3:17  Probe x2  
  32  3:24  Assimilator  
  32  3:27  Gateway  
  32  3:31  Probe x2, Pylon  
  34  3:43  Shield Battery, Probe  
  35  3:54  Probe  
  36  3:55  Probe  
  37  4:10  Twilight Council  
  37  4:18  Pylon  
  37  4:22  Pylon  
  37  4:46  Stalker x2  
  37  4:47  Stalker x2  
  37  4:49  Probe x2  
  41  5:09  Blink  
  39  5:17  Stalker x3  
  39  5:18  Stalker  
  45  5:27  Shield Battery  
  39  5:29  Shield Battery  
  39  5:32  Pylon  
  39  5:39  Stalker  
  39  5:42  Stalker  
  43  5:51  Stalker x2  
  47  6:17  Stalker x3  
  47  6:18  Stalker  
  55  6:21  Probe x2  
  57  6:45  Stalker x3  
  57  6:46  Stalker  
  65  6:49  Assimilator  
  65  6:50  Probe x2  
  65  6:53  Assimilator  
  66  7:33  Stalker x2  
  66  7:34  Stalker x2  
  52  8:13  Stalker  
  52  8:14  Stalker x3  
  48  9:09  Stalker x4  
  50  9:11  Charge  
  50  9:34  Templar Archives  
  50  9:36  Gateway  
  50  9:37  Gateway  
  50  9:41  Gateway  
  50  9:43  Gateway  
  50  9:44  Zealot  
  50  9:45  Zealot x3, Gateway  
  58  9:48  Gateway  
  58  9:52  Probe x2  
  60  10:04  Probe  
  61  10:14  Nexus, Psionic Storm  
  61  10:18  Forge  
  61  10:21  Forge  
  61  10:22  Probe x2  
  61  10:23  Pylon  
  61  10:26  High Templar  
  61  10:27  High Templar  
  61  10:28  Zealot x2  
  71  10:42  Shield Battery x2  
  71  10:45  Protoss Ground Weapons Level 1, Pylon  
  71  10:46  Protoss Ground Armor Level 1  
  71  10:47  Zealot x3  
  71  10:48  Zealot x3  
  83  10:50  Zealot  
  85  11:04  Probe x2  
  87  11:05  Pylon  
  87  11:16  Probe  
  78  11:30  Probe x3  
  78  11:32  High Templar x3  
  87  11:33  Zealot  
  87  11:34  Zealot x4  
  94  11:42  Probe  
  55  12:16  High Templar x2  
  55  12:17  High Templar  
  55  12:18  Zealot x5  
  55  12:19  Zealot x2  
  55  12:21  Archon  
  74  12:48  High Templar x2  
  74  12:49  Zealot x2  
  74  12:50  Zealot x4  
  74  12:51  Zealot  
  92  12:52  Archon  
  90  13:19  High Templar x2  
  94  13:27  Nexus  
  86  13:46  Probe x2  
  86  13:48  Pylon  
  88  13:50  High Templar x2  
  88  13:51  High Templar  
  94  13:58  Pylon  
  94  14:01  Archon  
  94  14:03  Pylon  
  94  14:05  Pylon  
  94  14:06  Probe  
  95  14:14  Probe  
  96  14:18  Probe  
  96  14:19  Stalker x3  
  96  14:23  Shield Battery  
  103  14:35  High Templar x3  
  103  14:38  Zealot x4  
  115  14:40  Archon  
  117  14:53  High Templar  
  117  14:55  Zealot x2  
  123  15:03  Assimilator  
  123  15:06  Assimilator  
  123  15:08  Pylon  
  123  15:09  Zealot x2  
  123  15:10  Zealot x3  
  123  15:12  High Templar x2  
  137  15:16  Archon  
  43  15:53  Zealot x3  
  43  15:54  Zealot x6  
  43  15:55  Zealot  
Show
View Real Time Build Order
Export as new Build Order

Phanto Zerg 

Build Orders: Pool First, Lurkers 

Get SALT Encoding   

  12  0:00  Drone  
  13  0:12  Overlord  
  13  0:16  Drone  
  14  0:31  Drone x2  
  16  0:38  Drone  
  17  0:45  Drone  
  18  0:54  Extractor  
  17  0:59  Spawning Pool  
  17  1:00  Drone  
  17  1:14  Drone  
  18  1:21  Hatchery  
  18  1:23  Drone  
  18  1:31  Drone  
  19  1:43  Overlord  
  19  1:46  Queen  
  21  1:49  Drone  
  22  2:03  Drone  
  23  2:10  Metabolic Boost  
  23  2:15  Zergling x2  
  24  2:29  Spore Crawler  
  23  2:35  Queen  
  25  2:40  Drone x3  
  28  3:11  Drone x3  
  28  3:12  Drone x5  
  36  3:19  Overlord  
  36  3:44  Zergling x6  
  36  3:45  Zergling x2  
  40  3:52  Zergling x2  
  40  3:53  Zergling x6  
  40  3:55  Overlord x2  
  41  4:37  Zergling x10  
  41  4:38  Zergling x2  
  35  5:21  Spore Crawler  
  35  5:25  Spore Crawler  
  35  5:26  Queen x2  
  35  5:27  Spore Crawler x2  
  35  5:32  Spore Crawler  
  34  5:46  Spore Crawler  
  33  6:01  Overlord x2  
  33  6:02  Overlord x2  
  33  6:22  Lair  
  33  6:40  Overlord x2  
  33  6:41  Overlord  
  33  6:49  Zergling x2  
  33  6:50  Zergling x32  
  43  8:04  Zergling x2  
  43  8:05  Zergling x30  
  49  8:21  Hydralisk Den  
  49  8:23  Extractor  
  49  8:24  Evolution Chamber  
  46  8:27  Evolution Chamber  
  46  8:31  Drone x5  
  46  8:32  Drone x2  
  36  8:51  Zergling x4  
  36  8:52  Zergling x12  
  44  8:58  Grooved Spines  
  44  9:00  Zerg Missile Weapons Level 1  
  44  9:01  Zerg Ground Armor Level 1  
  44  9:08  Spore Crawler  
  43  9:11  Spore Crawler  
  43  9:13  Hydralisk x5  
  52  9:18  Overlord x3  
  52  9:20  Spore Crawler  
  51  9:44  Hydralisk  
  53  9:48  Muscular Augments  
  53  9:57  Extractor  
  53  9:58  Extractor  
  51  10:09  Hydralisk x3  
  57  10:18  Hatchery  
  48  11:05  Hydralisk x6  
  41  11:35  Hydralisk x4  
  41  11:36  Hydralisk  
  41  11:39  Drone x2  
  58  11:40  Drone x17  
  70  12:05  Hydralisk x5  
  80  12:25  Lurker Den  
  79  13:07  Hatchery  
  46  13:36  Hydralisk  
  46  13:37  Hydralisk x14  
  46  13:38  Hydralisk x2  
  80  13:51  Infestation Pit  
  79  14:37  Hive  
  79  14:44  Lurker  
  79  14:45  Lurker x3  
  83  14:55  Infestor  
  85  15:05  Infestor  
  87  15:18  Zergling x10  
  87  15:20  Overlord x5  
Show
View Real Time Build Order
Export as new Build Order

Ekelpack Zerg - Winner!

Build Orders: Hatch First 

Get SALT Encoding   

  12  0:00  Drone  
  13  0:12  Overlord  
  13  0:17  Drone  
  14  0:31  Drone  
  15  0:44  Hatchery  
  15  0:47  Drone  
  15  1:02  Spawning Pool  
  14  1:06  Drone  
  14  1:08  Extractor  
  14  1:15  Drone  
  14  1:17  Drone  
  14  1:18  Drone  
  17  1:28  Drone  
  18  1:39  Drone  
  19  1:49  Queen  
  21  1:57  Queen  
  23  2:01  Drone  
  25  2:08  Drone x2  
  25  2:11  Drone  
  25  2:13  Drone  
  28  2:22  Drone, Extractor  
  28  2:29  Overlord  
  28  2:32  Lair  
  28  2:48  Drone  
  28  2:49  Drone x3  
  32  2:52  Extractor  
  32  2:57  Drone  
  32  3:03  Drone  
  32  3:05  Overlord  
  33  3:06  Drone  
  33  3:09  Drone  
  33  3:10  Drone  
  36  3:23  Drone x2  
  36  3:25  Overlord  
  38  3:30  Spire  
  38  3:33  Drone  
  39  3:34  Drone  
  39  3:35  Drone  
  39  3:36  Drone  
  39  3:39  Drone x2  
  43  3:43  Extractor  
  43  3:44  Overlord  
  43  3:47  Drone  
  43  3:51  Drone  
  44  4:01  Drone  
  45  4:09  Overlord  
  45  4:11  Drone x3  
  46  4:30  Zergling x2  
  31  4:44  Mutalisk x3  
  31  4:45  Mutalisk x4  
  38  5:13  Mutalisk x2  
  39  5:22  Mutalisk  
  41  5:29  Mutalisk x2  
  41  5:32  Hatchery  
  44  5:46  Drone  
  44  5:47  Drone  
  46  6:01  Drone  
  47  6:16  Drone x2  
  45  6:26  Drone  
  46  6:35  Drone  
  47  6:47  Drone x2  
  47  6:48  Queen  
  47  6:50  Drone x3  
  47  6:53  Zerg Flyer Weapons Level 1  
  54  6:55  Overlord  
  50  7:32  Drone x5  
  50  7:33  Drone x3  
  58  7:43  Drone  
  59  7:45  Metabolic Boost  
  59  7:50  Infestation Pit  
  58  7:54  Zergling x8  
  62  7:59  Queen  
  57  8:12  Drone x5  
  61  8:13  Drone  
  62  8:29  Hive  
  50  9:13  Mutalisk x6  
  50  9:14  Mutalisk x3  
  50  9:15  Overlord x3  
  68  9:24  Overlord  
  68  9:46  Hatchery  
  68  9:50  Mutalisk x3  
  68  9:51  Mutalisk x2  
  77  10:05  Zergling x10  
  82  10:13  Mutalisk x4  
  90  10:21  Overlord x2  
  90  10:35  Extractor x2  
  89  10:39  Mutalisk x4  
  89  10:40  Mutalisk  
  98  10:49  Drone  
  99  11:00  Queen  
  99  11:02  Drone x5  
  99  11:03  Drone  
  96  11:27  Mutalisk x7  
  110  11:40  Mutalisk x2  
  110  11:41  Zergling x10  
  110  11:42  Zergling x2  
  120  12:15  Zergling x12  
  122  12:23  Overlord x4  
  122  12:24  Overlord x3  
  122  12:35  Ultralisk Cavern  
  121  12:37  Evolution Chamber  
  121  12:39  Evolution Chamber  
  119  12:46  Pneumatized Carapace  
  119  13:05  Overlord x2  
  87  13:41  Mutalisk x2  
  87  13:42  Ultralisk  
  87  13:43  Ultralisk x4  
  121  13:52  Drone x5  
  121  13:53  Drone x4  
  130  14:14  Ultralisk  
  136  14:30  Ultralisk x3  
  136  14:31  Ultralisk  
  160  14:38  Chitinous Plating  
  160  14:45  Ultralisk x3  
  178  14:46  Overlord x2  
  178  15:04  Overlord x2  
  178  15:14  Ultralisk x2  
  190  15:15  Overlord x2  
  162  15:52  Hatchery  
Show
View Real Time Build Order
Export as new Build Order

Nyck Terran - Winner!

Build Orders:  

Get SALT Encoding   

  12  0:00  SCV  
  13  0:13  Supply Depot  
  13  0:17  SCV  
  14  0:29  SCV  
  15  0:37  Barracks  
  15  0:41  SCV  
  16  0:47  Refinery  
  16  0:53  SCV  
  17  0:57  Refinery  
  17  1:06  SCV  
  18  1:24  Orbital Command  
  18  1:27  Reaper  
  18  1:32  Supply Depot  
  19  1:47  Barracks  
  19  1:49  SCV  
  20  2:00  Engineering Bay  
  20  2:05  SCV  
  20  2:07  Barracks Tech Lab  
  21  2:19  SCV  
  22  2:26  Combat Shield  
  22  2:27  Terran Infantry Weapons Level 1  
  22  2:41  SCV  
  23  2:53  SCV  
  24  3:08  SCV  
  24  3:11  Marine  
  25  3:25  Barracks  
  25  3:26  Barracks Reactor  
  25  3:27  Barracks, Command Center  
  25  3:29  SCV  
  26  3:40  Supply Depot  
  26  3:42  Marine  
  26  3:45  SCV  
  28  3:48  Stimpack  
  28  4:01  SCV  
  29  4:03  Marine  
  29  4:04  Marine  
  29  4:09  Supply Depot  
  31  4:13  SCV  
  32  4:22  Terran Infantry Armor Level 1  
  31  4:25  Marine  
  31  4:26  Marine  
  31  4:28  Marine  
  31  4:30  Marine, Marauder  
  37  4:33  Supply Depot  
  37  4:49  Marine x2  
  35  5:14  Marine  
  35  5:15  Marine x3  
  35  5:16  Marine  
  37  5:25  Orbital Command  
  38  5:28  SCV  
  38  5:34  Marine  
  38  5:35  Barracks Reactor x2  
  39  5:42  SCV  
  40  5:49  Factory  
  40  5:52  SCV  
  41  5:58  Refinery  
  41  5:59  Refinery  
  41  6:04  SCV  
  41  6:05  SCV, Marine  
  41  6:06  Marine  
  45  6:17  SCV x2  
  47  6:21  Marine  
  47  6:22  Marine x4  
  52  6:31  Command Center  
  52  6:34  Starport  
  52  6:36  Armory  
  52  6:40  Engineering Bay  
  52  6:42  Marine x4  
  52  6:43  Marine x3  
  59  6:53  SCV x2  
  61  7:01  Marine x2  
  61  7:02  Marine x2  
  61  7:03  Marine x2  
  61  7:04  Marine  
  61  7:07  Factory Reactor  
  68  7:10  Medivac  
  70  7:26  Supply Depot, Terran Infantry Weapons Level 2  
  70  7:32  Terran Infantry Armor Level 2  
  70  7:42  Orbital Command, SCV x2  
  72  7:48  Supply Depot  
  72  7:54  SCV  
  72  7:55  SCV  
  59  8:11  Supply Depot, Marine x4  
  59  8:12  Marine x3  
  66  8:21  Terran Vehicle And Ship Armor Level 1  
  66  8:22  SCV x3  
  69  8:34  Supply Depot, SCV x3, Refinery  
  71  8:41  Marine  
  71  8:42  Marine x6  
  71  8:46  SCV x2  
  71  8:47  SCV  
  77  8:59  Marine  
  77  9:00  Marine x6  
  84  9:03  SCV x3  
  84  9:06  Refinery  
  87  9:15  SCV x3  
  87  9:16  Medivac x2  
  94  9:17  Marine x4  
  94  9:18  Marine x3  
  101  9:35  Marine x6  
  107  9:45  SCV x2  
  109  9:49  Marine  
  109  9:50  Command Center  
  110  9:53  Marine  
  110  9:57  SCV x3  
  114  10:03  Terran Infantry Weapons Level 3  
  114  10:05  Terran Infantry Armor Level 3  
  114  10:12  SCV x3  
  117  11:01  SCV x3, Marine x7  
  118  11:19  Marine x7  
  124  11:37  Marine x7  
  124  11:39  SCV  
  132  11:40  Orbital Command  
  132  11:44  Refinery  
  132  11:52  Barracks  
  132  11:57  SCV, Marine, Barracks  
  132  11:58  Marine  
  132  11:59  Marine x2, Barracks  
  132  12:00  SCV, Marine  
  132  12:01  SCV, Marine x2, Barracks  
  132  12:13  SCV  
  132  12:26  Marine x6  
  132  12:27  SCV x4, Marine  
  143  12:33  Supply Depot  
  143  12:38  Medivac  
  143  12:39  SCV x3, Medivac  
  150  12:44  SCV, Marine x6  
  150  12:45  Marine  
  150  12:48  Terran Vehicle And Ship Armor Level 2  
  150  12:51  SCV x3  
  160  12:55  Supply Depot  
  160  12:56  SCV  
  162  13:02  Marine x6  
  162  13:03  SCV x3  
  172  13:07  Barracks Reactor x2  
  172  13:08  SCV, Barracks Reactor x2  
  172  13:17  SCV x2  
  172  13:18  Supply Depot  
  160  13:42  Supply Depot  
  160  13:45  SCV  
  160  13:46  SCV x3, Marine  
  160  13:47  Marine x14  
  179  13:54  Supply Depot  
  179  13:58  Medivac x2  
  183  14:04  Marine  
  183  14:05  Marine x14  
  183  14:08  SCV x2  
  200  14:37  Command Center  
  200  14:56  Command Center  
  200  14:58  Refinery  
  200  15:12  Command Center  
Tags
 
Add a new tag
Caveats
  • Supply blocks, unpowered buildings, or Contaminate may cause inaccurate times.
  • Supply counts are checked every 10 seconds.